 Dungeon Crawl Stone Soup version 0.21.1-1-g345015f (webtiles) character file.

1400 tidbits the Grave Robber (level 8, 58/58 HPs)
             Began as a Gnoll Necromancer on June 18, 2018.
             Quit the game in the Ecumenical Temple.
             The game lasted 00:14:22 (1419 turns).

tidbits the Grave Robber (Gnoll Necromancer)        Turns: 1419, Time: 00:14:23

Health: 58/58      AC:  6    Str: 11    XL:     8   Next: 69%
Magic:  17/17      EV: 15    Int: 20    God:
Gold:   73         SH:  0    Dex: 15    Spells: 11/19 levels left

rFire    . . .     SeeInvis .   b - +1 flail (venom)
rCold    . . .     Gourm    .   (no shield)
rNeg     . . .     Faith    .   e - +0 robe
rPois    +         Spirit   .   E - +0 helmet
rElec    .         Reflect  .   C - +2 cloak
rCorr    .         Harm     +   (no gloves)
MR       .....                  (no boots)
Stlth    +++.......             i - amulet of harm
HPRegen  0.19/turn              (no ring)
MPRegen  0.15/turn              p - ring of poison resistance

@: no status effects
A: distributed training, fangs 1, strong nose
a: no special abilities


You were in the Ecumenical Temple.
You were hungry.

You visited 2 branches of the dungeon, and saw 9 of its levels.

You collected 127 gold pieces.
You spent 54 gold pieces at shops.

Inventory:

Hand Weapons
 a - a +0 dagger
 b - a +1 flail of venom (weapon)
   (You took it off an orc on level 6 of the Dungeon)
 h - a +0 hunting sling
 u - a +0 blowgun
 y - a +4 dagger of venom
   (You took it off an orc wizard on level 6 of the Dungeon)
 z - a +0 war axe
Missiles
 d - 15 stones (quivered)
 f - 16 bolts
 k - a throwing net {!f}
 o - 30 arrows
 t - 2 tomahawks
 v - 3 curare-tipped needles
Armour
 e - a +0 robe (worn)
 C - a +2 cloak (worn)
 E - a +0 helmet (worn)
Jewellery
 i - an amulet of harm (around neck)
   (You found it on level 6 of the Dungeon)
 j - an uncursed ring of positive energy
   (You found it on level 2 of the Dungeon)
 p - a ring of poison resistance (right hand)
   (You found it on level 6 of the Dungeon)
 A - an uncursed ring of teleportation
   (You found it on level 6 of the Dungeon)
Scrolls
 l - 2 scrolls of teleportation
 m - 2 scrolls of identify
 r - 2 scrolls of enchant weapon {unknown}
Potions
 g - 3 potions of lignification
 q - a potion of curing {unknown}
 w - 2 potions of might
 x - a potion of flight {unknown}
Books
 s - a book of Necromancy

   Spells                             Type                      Level
   a - Pain                           Necromancy                   1
   b - Animate Skeleton               Necromancy                   1
   c - Vampiric Draining              Necromancy                   3
   d - Regeneration                   Charms/Necromancy            3
   e - Animate Dead                   Necromancy                   4
   f - Borgnjor's Vile Clutch         Necromancy/Earth             5
Comestibles
 c - 8 rations


   Skills:
 + Level 3.4 Fighting
 + Level 3.4 Short Blades
 + Level 3.4 Long Blades
 + Level 3.4 Axes
 + Level 3.4 Maces & Flails
 + Level 3.4 Polearms
 + Level 3.4 Staves
 + Level 3.4 Slings
 + Level 3.4 Bows
 + Level 3.4 Crossbows
 + Level 3.4 Throwing
 + Level 3.4 Armour
 + Level 5.8 Dodging
 + Level 5.4 Stealth
 + Level 3.4 Shields
 + Level 3.4 Unarmed Combat
 + Level 6.1 Spellcasting
 + Level 2.8 Conjurations
 + Level 2.8 Hexes
 + Level 2.8 Charms
 + Level 2.8 Summonings
 + Level 7.7 Necromancy
 + Level 2.8 Translocations
 + Level 2.8 Transmutations
 + Level 2.8 Fire Magic
 + Level 2.8 Ice Magic
 + Level 2.8 Air Magic
 + Level 2.8 Earth Magic
 + Level 2.8 Poison Magic
 + Level 3.8 Invocations
 + Level 3.4 Evocations


You had 11 spell levels left.
You knew the following spells:

 Your Spells              Type           Power        Failure   Level  Hunger
a - Pain                  Necr           ####         1%          1    None
d - Vampiric Draining     Necr           #####.....   1%          3    ##.....
n - Animate Skeleton      Necr           N/A          1%          1    None
r - Regeneration          Chrm/Necr      ####......   3%          3    ##.....


Dungeon Overview and Level Annotations

Branches:
Dungeon (8/15)             Temple (1/1) D:7
   Lair: D:8-11

Altars:
Ashenzari
Gozag
Hepliaklqana
Kikubaaqudgha
Nemelex Xobeh
Qazlal
Ru
Sif Muna
Trog
Uskayaw
Vehumet
Wu Jian
Xom
Yredelemnul
Zin
The Shining One

Shops:
D:6 [

Annotations:
D:2 Sigmund


Innate Abilities, Weirdness & Mutations

Your experience applies equally to all skills.
You have very sharp teeth.
Your uncanny sense of smell can sniff out nearby items.


Message History

It is a scroll of identify.
n - a scroll of remove curse
As you read the scroll of remove curse, it crumbles to dust.
You feel as if something is helping you.
Remove which piece of jewellery? (? for menu, Esc to quit)
You remove your ring of teleportation.
There is a stone staircase leading down here.
You climb downwards.
You hear the hiss of flowing sand.
There is an entrance to an ossuary on this level.
Hurry and find it before the portal is buried!
You hear the brisk hiss of a distant avalanche of sand.
Found 2 potions of lignification.
There is a stone staircase leading up here.
You see here 2 potions of lignification.
g - 3 potions of lignification (gained 2)
An adder comes into view.
An adder skeleton comes into view.
Casting: Pain
Confirm with . or Enter, or press ? or * to list all spells.
Aiming: Pain
Press: ? - help, Shift-Dir - straight line, f - adder
Aim: an adder (resting, chance to defeat MR: 89%)
The adder hisses angrily.
The adder writhes in agony!
Casting: Pain
Confirm with . or Enter, or press ? or * to list all spells.
Aiming: Pain
Press: ? - help, Shift-Dir - straight line, f/p - adder
Aim: an adder (severely wounded, chance to defeat MR: 89%)
The adder writhes in agony!
You kill the adder!
Found a robe.
You barely miss the adder skeleton. The adder skeleton barely misses you.
You sock the adder skeleton!
The adder skeleton is severely damaged.
The adder skeleton completely misses you.
The adder skeleton misses you.
You sock the adder skeleton!
You destroy the adder skeleton!
Casting: Pain
Confirm with . or Enter, or press ? or * to list all spells.
Your skin crawls.
Your skin is crawling a little less now.
Found a scroll labeled VAMONA TUOTI.
An adder comes into view.
You see here a scroll labeled VAMONA TUOTI.
r - 2 scrolls labeled VAMONA TUOTI (gained 1)
Your skin stops crawling.
Casting: Regeneration
Confirm with . or Enter, or press ? or * to list all spells.
Aiming: Pain
Press: ? - help, Shift-Dir - straight line, f - adder
Aim: an adder (resting, chance to defeat MR: 89%)
The adder hisses angrily.
The adder writhes in agony!
Casting: Pain
Confirm with . or Enter, or press ? or * to list all spells.
Aiming: Pain
Press: ? - help, Shift-Dir - straight line, f/p - adder
Aim: an adder (lightly wounded, chance to defeat MR: 89%)
The adder writhes in agony!
The adder barely misses you.
You sock the adder!
You kill the adder!
A hound comes into view.
The hound barks!
You hit the hound but do no damage. The hound barely misses you.
You hit the hound.
The hound is heavily wounded.
The hound bites you. The hound bites you but does no damage.
You sock the hound!
You kill the hound!
You hear the quick hiss of a distant avalanche of sand.
The crimson imp shouts!
The crimson imp blinks!
Found 16 stones.
The crimson imp picks up a beetle and eats it.
You see here 16 stones.
The crimson imp blinks!
You open the door.
Found a staircase to the Ecumenical Temple.
There is an open door here.
There is a staircase to the Ecumenical Temple here.
You climb downwards.
Welcome to the Ecumenical Temple!
There is a staircase back to the Dungeon here.
Unknown command.
Found a sacrificial altar of Ru.
Found a shimmering altar of Xom.
Unknown command.
Found an opulent altar of Gozag.
Found two altars.
You are feeling hungry.
Found a bloodstained altar of Trog.
There is a bloodstained altar of Trog here.
Found a radiant altar of Vehumet.
Found a deep blue altar of Sif Muna.
Found a glowing golden altar of the Shining One.
There is a deep blue altar of Sif Muna here.
Found a glowing silver altar of Zin.
Found a hide-covered altar of Uskayaw.
Are you sure you want to abandon this character and quit the game? (Confirm with "yes".)

♣♣.♣♣♣♣♣♣♣♣♣♣♣♣...♣♣♣♣♣♣♣♣♣♣♣♣.♣♣
♣♣.♣♣......♣..♣♣♣..♣......♣♣.♣♣
♣♣......♣..♣♣♣ ♣♣..♣......♣♣
♣...........♣ ♣...........♣
♣._...♣.....♣ ♣.....♣..._.♣
♣...........♣ ♣...........♣
♣♣....._...♣♣ ♣♣♣..._.....♣♣
♣♣♣.....♣♣..♣♣♣..♣♣.....♣♣♣
♣♣♣♣♣♣♣ ♣♣.@.♣♣♣♣♣♣♣♣♣♣ ♣♣♣♣♣


There were no monsters in sight!

Vanquished Creatures
  The ghost of twistedcrescendo the Cleaver, a novice MiCK of Xom (D:7)
  A black bear (D:6)
  A centaur (D:6)
  A big kobold (D:7)
  A bullfrog (D:6)
  3 scorpions
  A quasit (D:7)
  A hound (D:7)
  A jelly (D:6)
  2 orc priests
  3 iguanas
  2 orc wizards (D:6)
  A worker ant (D:3)
  5 adders
  An adder skeleton (D:7)
  A dart slug (D:1)
  A leopard gecko (D:2)
  9 orcs
  3 giant cockroaches
  2 hobgoblins (D:2)
  3 jackals (D:2)
  A ball python (D:4)
  A bat (D:3)
  2 frilled lizards
  4 goblins
  10 kobolds
  3 rats
65 creatures vanquished.

Vanquished Creatures (others)
  A quokka (D:8)
1 creature vanquished.

Grand Total: 66 creatures vanquished

Notes
Turn   | Place    | Note
-------+----------+-------------------------------------------
     0 | D:1      | tidbits the Gnoll Necromancer began the quest for the Orb.
     0 | D:1      | Reached XP level 1. HP: 13/13 MP: 6/6
   174 | D:2      | Reached XP level 2. HP: 18/19 MP: 5/7
   180 | D:2      | Learned a level 1 spell: Animate Skeleton
   371 | D:3      | Reached skill level 5 in Spellcasting
   371 | D:3      | Reached XP level 3. HP: 15/25 MP: 4/9
   376 | D:3      | Learned a level 3 spell: Vampiric Draining
   380 | D:3      | Learned a level 3 spell: Regeneration
   393 | D:3      | Reached skill level 1 in Invocations
   404 | D:2      | Noticed Sigmund
   436 | D:3      | Reached skill level 1 in Fighting
   436 | D:3      | Reached skill level 1 in Short Blades
   436 | D:3      | Reached skill level 1 in Long Blades
   436 | D:3      | Reached skill level 1 in Axes
   436 | D:3      | Reached skill level 1 in Maces & Flails
   436 | D:3      | Reached skill level 1 in Polearms
   436 | D:3      | Reached skill level 1 in Staves
   436 | D:3      | Reached skill level 1 in Slings
   436 | D:3      | Reached skill level 1 in Bows
   436 | D:3      | Reached skill level 1 in Crossbows
   436 | D:3      | Reached skill level 1 in Throwing
   436 | D:3      | Reached skill level 1 in Armour
   436 | D:3      | Reached skill level 1 in Shields
   436 | D:3      | Reached skill level 1 in Unarmed Combat
   436 | D:3      | Reached skill level 1 in Evocations
   436 | D:3      | Reached XP level 4. HP: 24/32 MP: 2/11
   450 | D:4      | Found a shattered altar of Ashenzari.
   518 | D:4      | Reached skill level 1 in Conjurations
   518 | D:4      | Reached skill level 1 in Hexes
   518 | D:4      | Reached skill level 1 in Charms
   518 | D:4      | Reached skill level 1 in Summonings
   518 | D:4      | Reached skill level 1 in Translocations
   518 | D:4      | Reached skill level 1 in Transmutations
   518 | D:4      | Reached skill level 1 in Fire Magic
   518 | D:4      | Reached skill level 1 in Ice Magic
   518 | D:4      | Reached skill level 1 in Air Magic
   518 | D:4      | Reached skill level 1 in Earth Magic
   518 | D:4      | Reached skill level 1 in Poison Magic
   571 | D:4      | Reached XP level 5. HP: 26/37 MP: 4/12
   600 | D:5      | Entered Level 5 of the Dungeon
   680 | D:6      | Found a hazy altar of Hepliaklqana.
   693 | D:6      | Found an ancient bone altar of Kikubaaqudgha.
   711 | D:5      | Found a stormy altar of Qazlal.
   774 | D:7      | Noticed a big kobold
   786 | D:7      | Killed a big kobold
   786 | D:7      | Reached XP level 6. HP: 20/44 MP: 5/13
   796 | D:7      | Reached skill level 2 in Invocations
   847 | D:7      | Noticed twistedcrescendo's ghost (novice MiCK)
   849 | D:7      | Reached skill level 5 in Dodging
   891 | D:7      | HP: 6/66 [twistedcrescendo's ghost (7)]
   892 | D:7      | Killed twistedcrescendo's ghost
   892 | D:7      | Reached skill level 2 in Fighting
   892 | D:7      | Reached skill level 2 in Short Blades
   892 | D:7      | Reached skill level 2 in Long Blades
   892 | D:7      | Reached skill level 2 in Axes
   892 | D:7      | Reached skill level 2 in Maces & Flails
   892 | D:7      | Reached skill level 2 in Polearms
   892 | D:7      | Reached skill level 2 in Staves
   892 | D:7      | Reached skill level 2 in Slings
   892 | D:7      | Reached skill level 2 in Bows
   892 | D:7      | Reached skill level 2 in Crossbows
   892 | D:7      | Reached skill level 2 in Throwing
   892 | D:7      | Reached skill level 2 in Armour
   892 | D:7      | Reached skill level 5 in Stealth
   892 | D:7      | Reached skill level 2 in Shields
   892 | D:7      | Reached skill level 2 in Unarmed Combat
   892 | D:7      | Reached skill level 2 in Conjurations
   892 | D:7      | Reached skill level 2 in Hexes
   892 | D:7      | Reached skill level 2 in Charms
   892 | D:7      | Reached skill level 2 in Summonings
   892 | D:7      | Reached skill level 2 in Translocations
   892 | D:7      | Reached skill level 2 in Transmutations
   892 | D:7      | Reached skill level 2 in Fire Magic
   892 | D:7      | Reached skill level 2 in Ice Magic
   892 | D:7      | Reached skill level 2 in Air Magic
   892 | D:7      | Reached skill level 2 in Earth Magic
   892 | D:7      | Reached skill level 2 in Poison Magic
   892 | D:7      | Reached skill level 3 in Invocations
   892 | D:7      | Reached skill level 2 in Evocations
   892 | D:7      | Reached XP level 7. HP: 7/51 MP: 12/15
   892 | D:7      | Reached XP level 8. HP: 8/57 MP: 12/16
   930 | D:7      | Found a basalt altar of Yredelemnul.
  1073 | D:6      | Reached skill level 3 in Fighting
  1073 | D:6      | Reached skill level 3 in Short Blades
  1073 | D:6      | Reached skill level 3 in Long Blades
  1073 | D:6      | Reached skill level 3 in Axes
  1073 | D:6      | Reached skill level 3 in Maces & Flails
  1073 | D:6      | Reached skill level 3 in Polearms
  1073 | D:6      | Reached skill level 3 in Staves
  1073 | D:6      | Reached skill level 3 in Slings
  1073 | D:6      | Reached skill level 3 in Bows
  1073 | D:6      | Reached skill level 3 in Crossbows
  1073 | D:6      | Reached skill level 3 in Throwing
  1073 | D:6      | Reached skill level 3 in Armour
  1073 | D:6      | Reached skill level 3 in Shields
  1073 | D:6      | Reached skill level 3 in Unarmed Combat
  1073 | D:6      | Reached skill level 3 in Evocations
  1096 | D:6      | Reached skill level 6 in Spellcasting
  1199 | D:6      | Found Xifub's Armour Shop.
  1230 | D:6      | Bought a +0 helmet for 54 gold pieces
  1345 | D:7      | Found a staircase to the Ecumenical Temple.
  1351 | Temple   | Entered the Ecumenical Temple
  1419 | Temple   | Quit the game

Skill      XL: |  1  2  3  4  5  6  7  8 |
---------------+-------------------------+-----
Spellcasting   | 5 6 |  6.1
Invocations    | 1 3 |  3.8
Fighting       | 1 2 3 |  3.4
Short Blades   | 1 2 3 |  3.4
Long Blades    | 1 2 3 |  3.4
Axes           | 1 2 3 |  3.4
Maces & Flails | 1 2 3 |  3.4
Polearms       | 1 2 3 |  3.4
Staves         | 1 2 3 |  3.4
Slings         | 1 2 3 |  3.4
Bows           | 1 2 3 |  3.4
Crossbows      | 1 2 3 |  3.4
Throwing       | 1 2 3 |  3.4
Armour         | 1 2 3 |  3.4
Shields        | 1 2 3 |  3.4
Unarmed Combat | 1 2 3 |  3.4
Evocations     | 1 2 3 |  3.4
Conjurations   | 1 2 |  2.8
Hexes          | 1 2 |  2.8
Charms         | 1 2 |  2.8
Summonings     | 1 2 |  2.8
Translocations | 1 2 |  2.8
Transmutations | 1 2 |  2.8
Fire Magic     | 1 2 |  2.8
Ice Magic      | 1 2 |  2.8
Air Magic      | 1 2 |  2.8
Earth Magic    | 1 2 |  2.8
Poison Magic   | 1 2 |  2.8
Dodging        | 5 |  5.8
Stealth        | 5 |  5.4
Necromancy     | |  7.7

Action                   |  1- 3 |  4- 6 |  7- 9 || total
-------------------------+-------+-------+-------++-------
Melee: Dagger            |     9 |     2 |     1 ||    12
       Bite              |     1 |     1 |     2 ||     4
       Flail             |       |    61 |    29 ||    90
 Fire: Blowgun           |       |       |     4 ||     4
 Cast: Pain              |    25 |    30 |    21 ||    76
       Regeneration      |     1 |     5 |     5 ||    11
  Use: Potion            |     1 |     5 |       ||     6
       Scroll            |       |     2 |     2 ||     4
 Stab: Sleeping          |     5 |     3 |     1 ||     9
  Eat: Chunk             |       |       |     2 ||     2
Armor: Robe              |     2 |    16 |     5 ||    23
       Skin              |       |    18 |       ||    18
Dodge: Dodged            |    20 |    37 |    29 ||    86

Table legend:
 A = Turns spent in this place as a percentage of turns spent in the entire game.
 B = Non-inter-level travel turns spent in this place as a percentage of non-inter-level travel turns spent in the entire game.
 C = Inter-level travel turns spent in this place as a percentage of turns spent in this place.
 D = Turns resting spent in this place as a percentage of non-inter-level travel turns spent in this place.
 E = Turns spent auto-exploring this place as a percentage of non-inter-level travel turns spent in this place.
 F = Non-inter-level travel turns spent in this place divided by the number of levels of this place that you've seen.
                   A       B       C       D       E      F
               +-------+-------+-------+-------+-------+----------------------
         Total | 100.0 | 100.0 |   0.0 |   0.0 |   0.0 | 157.7
       Dungeon |  95.2 |  95.2 |   0.0 |   0.0 |   0.0 | 168.9
        Temple |   4.8 |   4.8 |   0.0 |   0.0 |   0.0 |  68.0
               +-------+-------+-------+-------+-------+----------------------

Table legend:
 A = Kills in this place as a percentage of kills in entire the game.
 B = Kills by you in this place as a percentage of kills by you in the entire game.
 C = Kills by friends in this place as a percentage of kills by friends in the entire game.
 D = Other kills in this place as a percentage of other kills in the entire game.
 E = Experience gained in this place as a percentage of experience gained in the entire game.
 F = Experience gained in this place divided by the number of levels of this place that you have seen.
                   A       B       C       D       E      F
               +-------+-------+-------+-------+-------+----------------------
         Total | 100.0 | 100.0 |   N/A |   N/A | 100.0 | 222.3
       Dungeon | 100.0 | 100.0 |   N/A |   N/A | 100.0 | 250.1
               +-------+-------+-------+-------+-------+----------------------

Vault maps used:
D:1:      lemuel_arrival_cross
D:2:      nicolae_overflow_hidden_temple,
          chequers_ecumenical_altar_simple_redux, uniq_sigmund
D:3:      lemuel_round_altar, uniq_terence
D:4:      lemuel_round_altar, kennysheep_mini_moat, nicolae_ashenzari_panopticon
D:5:      grunt_temple_overflow_open, first_ration, guppyfry_shop_venom
D:6:      chequers_temple_overflow_statue_of_worship, serial_shops, shop,
          led_sif_book
D:7:      overflow_temple_1_default, minmay_temple_entry_hall, enter_ossuary_3
D:8:      kennysheep_little_box, basic_altar, grunt_ogre_cave, elyvilon_altar_4,
          uniq_pikel, uniq_joseph
Temple:   jpeg_temple_clearing
